 Dungeon Crawl Stone Soup version 0.22-a0-611-g46e8f3c735 (webtiles) character file.

33 Oakleaf the Conjurer (level 3, -7/19 HPs)
             Began as a Deep Elf Conjurer on July 11, 2018.
             Killed from afar by an orc wizard (11 damage)
             ... with a magic dart
             ... on level 2 of the Dungeon.
             The game lasted 00:04:11 (1117 turns).

Oakleaf the Conjurer (Deep Elf Conjurer)            Turns: 1117, Time: 00:04:11

Health: -7/19      AC:  2    Str:  5    XL:     3   Next: 12%
Magic:  8/9        EV: 13    Int: 20    God:
Gold:   35         SH:  0    Dex: 15    Spells: 7/8 levels left

rFire    . . .     SeeInvis .   (no weapon)
rCold    . . .     Gourm    .   (no shield)
rNeg     . . .     Faith    .   a - +0 robe
rPois    .         Spirit   .   (no helmet)
rElec    .         Reflect  .   (no cloak)
rCorr    .         Harm     .   (no gloves)
MR       .....                  (no boots)
Stlth    ++........             (no amulet)
HPRegen  0.06/turn              (no ring)
MPRegen  0.11/turn              (no ring)

@: no status effects
A: no striking features
a: no special abilities


You were on level 2 of the Dungeon.
You were not hungry.

You visited 1 branch of the dungeon, and saw 2 of its levels.

You collected 35 gold pieces.

Inventory:

Armour
 a - a +0 robe (worn)
Scrolls
 b - a scroll of enchant armour {unknown}
 d - 2 scrolls of identify {unknown}
 f - a scroll of remove curse {unknown}
 g - a scroll of amnesia {unknown}
 h - a scroll of noise {unknown}
Potions
 e - 3 potions of curing {unknown}
Comestibles
 c - 2 rations


   Skills:
 * Level 0.1 Fighting
 - Level 2.4 Dodging
 - Level 2.6 Stealth
 + Level 3.4 Spellcasting
 + Level 5.2 Conjurations


You had 7 spell levels left.
You knew the following spells:

 Your Spells              Type           Power        Failure   Level  Hunger
a - Magic Dart            Conj           ###.         1%          1    None

Your spell library contained the following spells:

 Spells                   Type           Power        Failure   Level  Hunger
 Iskenderun's Mystic Bla  Conj           ###.....     16%         4    ####...
 Fulminant Prism          Conj/Hex       ##........   43%         4    ####...
 Dazzling Spray           Conj/Hex       ##....       14%         3    ###....
 Force Lance              Conj/Tloc      ##......     43%         4    ####...
 Searing Ray              Conj           ###...       2%          2    ##.....


Dungeon Overview and Level Annotations

Branches:
Dungeon (2/15)

Altars:


Message History

You barely miss something.
You hear some strange, mumbled words.
Something tries to affect you, but you resist.
You barely miss something. Something hits you.
Casting: Magic Dart (safe; 1% risk of failure)
Confirm with . or Enter, or press ? or * to list all spells.
You can't see any susceptible monsters within range! (Use Z to cast anyway.) Unknown command.
Casting: Magic Dart (safe; 1% risk of failure)
Confirm with . or Enter, or press ? or * to list all spells.
You don't know that spell.
Casting: Magic Dart (safe; 1% risk of failure)
Confirm with . or Enter, or press ? or * to list all spells.
You don't know that spell.
You barely miss something. Something hits you.
* * * LOW HITPOINT WARNING * * *
A magic dart appears from out of thin air!
The magic dart hits you!
Ouch! That really hurt!
You die...

#### ..# #.#
##.##### #..<).@#
#..###.#####
#....#......
...<...#.).......
..#.##........(...
# #)#..#.#####.
........#
###)#..#)#
#.#.##.#


There were no monsters in sight!

Vanquished Creatures
  A leopard gecko (D:1)
  3 orcs (D:2)
  2 bats (D:1)
  4 goblins (D:1)
  7 hobgoblins
  3 kobolds
  A frilled lizard (D:1)
  5 rats (D:1)
26 creatures vanquished.

Notes
Turn   | Place    | Note
-------+----------+-------------------------------------------
     0 | D:1      | Oakleaf the Deep Elf Conjurer began the quest for the Orb.
     0 | D:1      | Reached XP level 1. HP: 10/10 MP: 6/6
   141 | D:1      | Reached XP level 2. HP: 15/15 MP: 1/8
   500 | D:1      | Reached skill level 5 in Conjurations
  1023 | D:2      | Reached XP level 3. HP: 19/19 MP: 3/9
  1117 | D:2      | Killed from afar by an orc wizard

Vault maps used:
D:1:      eino_arrival_tree_alley, hex_large
D:2:      vehumet_crystals

Skill      XL: |  1  2 |
---------------+-------+-----
Conjurations   | 5 |  5.2
Fighting       | |  0.1
Dodging        | |  2.4
Stealth        | |  2.6
Spellcasting   | |  3.4

Action                   || total
-------------------------++-------
Melee: Unarmed           ||     4
 Cast: Magic Dart        ||    52
Armor: Robe              ||     1
Dodge: Dodged            ||     7

Table legend:
 A = Spawn XP
 B = Non-spawn XP
 C = Spawn XP percentage of total XP
 D = Spawn monster count
 E = Non-spawn monster count
 F = Spawn count percentage of total count
 G = Total turns spent on level
                    A         B        C        D         E        F      G
               +---------+---------+-------+---------+---------+-------+---------
         Total |       0 |      48 |   0.0 |       0 |      26 |   0.0 |  1117
               +---------+---------+-------+---------+---------+-------+---------
           D:1 |       0 |      35 |   0.0 |       0 |      21 |   0.0 |  1080
           D:2 |       0 |      13 |   0.0 |       0 |       5 |   0.0 |    37
               +---------+---------+-------+---------+---------+-------+---------
